 Dungeon Crawl Stone Soup version 0.28-a0-535-g6f645e4c1d (webtiles) character file.

Game seed: 17006455207536888677

92 bande the Covered (level 4, -2/29 HPs)
             Began as a Gargoyle Fighter on Sept 27, 2021.
             Slain by a gnoll (6 damage)
             ... on level 4 of the Dungeon.
             The game lasted 00:02:05 (1830 turns).

bande the Covered (Gargoyle Fighter)                Turns: 1830, Time: 00:02:06

Health: -2/29      AC: 13    Str: 21    XL:     4   Next: 60%
Magic:  4/4        EV:  9    Int:  8    God:
Gold:   84         SH:  4    Dex:  9    Spells: 3/3 levels left

rFire   . . .      SeeInvis .   a - +0 war axe
rCold   . . .      Faith    .   c - +0 buckler
rNeg    + . .      Spirit   .   b - +0 scale mail
rPois   ∞          Reflect  .   (no helmet)
rElec   +          Harm     .   j - +0 cloak
rCorr   .          Rampage  .   h - +0 pair of gloves
Will    .....                   (no boots)
Stlth   ..........              (no amulet)
HPRegen 0.09/turn               (no ring)
MPRegen 0.09/turn               (no ring)

@: no status effects
A: sickness immunity, AC +3, negative energy resistance 1, electricity
resistance, torment resistance 1, petrification resistance
a: no special abilities


You were on level 4 of the Dungeon.
You visited 1 branch of the dungeon, and saw 4 of its levels.

You collected 84 gold pieces.

Inventory:

Hand Weapons
 a - a +0 war axe (weapon)
Armour
 b - a +0 scale mail (worn)
 c - a +0 buckler (worn)
 h - a +0 pair of gloves (worn)
 j - a +0 cloak (worn)
Wands
 k - a wand of acid (6)
Scrolls
 e - a scroll of fear {unknown}
 f - 2 scrolls of teleportation {unknown}
 g - a scroll of identify {unknown}
 n - a scroll of blinking {unknown}
Potions
 d - a potion of might
 i - 2 potions of lignification {unknown}
 l - a potion of curing {unknown}
 m - a potion of haste {unknown}


   Skills:
 + Level 3.7 Fighting
 + Level 3.1 Axes
 + Level 4.0 Armour
 + Level 0.2 Stealth
 + Level 3.7 Shields


You had 3 spell levels left.
You didn't know any spells.
Your spell library contained the following spells:

 Spells                   Type           Power      Damage    Failure   Level
 Freeze                   Ice            0%         1d3       75%         1
 Frozen Ramparts          Ice            0%         1d2       98%         3
 Hailstorm                Conj/Ice       0%         3d3       100%        4


Dungeon Overview and Level Annotations

Branches:
Dungeon (4/15)
 Temple: D:4-7

Altars:


Innate Abilities, Weirdness & Mutations

You are immune to sickness and miasma.
Your stone body is resilient. (AC +3)
You are immune to poison.
You resist negative energy. (rN+)
You are resistant to electric shocks. (rElec)
You are resistant to unholy torment.
You are immune to petrification.


Message History

The orc hits you but does no damage.
A ball python comes into view.
The gnoll hits you but does no damage. x2; The orc hits you with a +0 dagger.
The gnoll hits you but does no damage.
Your Axes skill increases to level 3!
Your Armour skill increases to level 4!
The gnoll misses you. The gnoll hits you but does no damage.
You climb downwards.
There is a stone staircase leading up here.
Unknown command.
You barely miss the gnoll.
The gnoll is heavily wounded.
You hit the orc. The orc closely misses you. You block the gnoll's attack.
You closely miss the gnoll.
The gnoll is heavily wounded.
Your scale mail prevents you from hitting the orc.
The orc barely misses you. The gnoll barely misses you.
You hit the gnoll.
The gnoll is heavily wounded.
You hit the orc but do no damage. The orc hits you with a +0 dagger.
The gnoll hits you with a +0 flail. The orc barely misses you.
The gnoll completely misses you.
You are too injured to fight recklessly!
You are too injured to fight recklessly!
You are too injured to fight recklessly!
You are too injured to fight recklessly!
You are too injured to fight recklessly!
You are too injured to fight recklessly!
You are too injured to fight recklessly!
You are too injured to fight recklessly!
You barely miss the gnoll.
The gnoll is heavily wounded.
You closely miss the orc. You block the orc's attack.
The gnoll hits you with a +0 flail.
* * * LOW HITPOINT WARNING * * *
Unknown command.
You barely miss the gnoll.
The gnoll is heavily wounded.
You closely miss the orc. The orc closely misses you.
The gnoll hits you with a +0 flail.
You die...

#. #. ### ##..
##.## ##.^
##...##
##...##.....##
#...##....o..##..
#....(.†g@.......
#...##.......##..
##...##.....##
##...##...##
##...##.##
##...### ##.....
#.....# #...##


You could see a gnoll and an orc.

Vanquished Creatures
  Terence (D:2)
  An orc wizard (D:3)
  5 endoplasms
  5 giant cockroaches (D:1)
  2 goblins (D:1)
  6 hobgoblins
  9 kobolds
  A quokka (D:2)
  3 ball pythons
  A bat (D:2)
  2 frilled lizards (D:1)
  2 rats
38 creatures vanquished.

Notes
Turn   | Place    | Note
-------+----------+-------------------------------------------
     0 | D:1      | bande the Gargoyle Fighter began the quest for the Orb.
     0 | D:1      | Reached XP level 1. HP: 14/14 MP: 1/1
   166 | D:1      | Reached XP level 2. HP: 19/19 MP: 2/2
   695 | D:1      | Reached XP level 3. HP: 23/23 MP: 3/3
  1381 | D:1      | Found a faded altar of an unknown god.
  1697 | D:2      | Noticed Terence
  1706 | D:2      | Killed Terence
  1707 | D:2      | Reached XP level 4. HP: 22/28 MP: 4/4
  1800 | D:2      | You fall into a shaft and drop 2 floors!
  1824 | D:3      | Reached skill level 4 in Armour
  1830 | D:4      | Slain by a gnoll

Illustrated notes

Levels and vault maps discovered:
D:1:      minmay_arrival_radiant_lines, layout_basic,
          shapermc_ecumenical_altar_hornbeckon, minmay_tetromino_i2
D:2:      wander_river, layout_basic, uniq_terence
D:3:      minmay_octagon_keep, layout_loops_cross, serial_shops,
          nicolae_shop_crystal, uniq_grinder
D:4:      layout_layer_cave, kennysheep_little_box, kennysheep_diamond

Skill      XL: |  1  2  3  4 |
---------------+-------------+-----
Axes           | 2 3 |  3.1
Armour         | 4 |  4.0
Fighting       | |  3.7
Stealth        | |  0.2
Shields        | |  3.7

Action                   |  1- 3 |  4- 6 || total
-------------------------+-------+-------++-------
Melee: War axe           |    82 |    23 ||   105
Armor: Scale mail        |    40 |    14 ||    54
Dodge: Dodged            |    37 |    15 ||    52
Block: Buckler           |    14 |     3 ||    17

Table legend: (Time is in decaauts)
 A = Elapsed time spent in this place.
 B = Non-inter-level travel time spent in this place.
 C = Inter-level travel time spent in this place.
 D = Time resting spent in this place.
 E = Time spent auto-exploring this place.
 F = Levels seen in this place.
 G = Mean time per level.
                   A        B        C        D        E       F      G
               +--------+--------+--------+--------+--------+-----+--------+
         Total |   1885 |   1804 |     81 |      0 |   1498 |   4 |  471.2 |
       Dungeon |   1885 |   1804 |     81 |      0 |   1498 |   4 |  471.2 |
               +--------+--------+--------+--------+--------+-----+--------+

Top non-repeatable levels by time:
     D:1: 1498 daAuts
     D:2: 351 daAuts
     D:4: 26 daAuts
     D:3: 8 daAuts
